 Dungeon Crawl Stone Soup version 0.28.0-53-g5a82cb258f (webtiles) character file.

Game seed: 3124425843516465736

651 DocClef the Spear-Bearer (level 7, -6/50 HPs)
             Began as a Merfolk Gladiator on June 30, 2022.
             Mangled by a wyvern zombie (14 damage)
             ... on level 6 of the Dungeon.
             The game lasted 00:03:33 (5121 turns).

DocClef the Spear-Bearer (Merfolk Gladiator)        Turns: 5121, Time: 00:03:33

Health: -6/50      AC:  3    Str: 17    XL:     7   Next: 53%
Magic:  6/6        EV: 13    Int:  7    God:
Gold:   310        SH:  0    Dex: 15    Spells: 6/6 levels left

rFire   . . .      SeeInvis .   a - +0 trident
rCold   . . .      Faith    .   (no shield)
rNeg    . . .      Spirit   .   b - +0 leather armour
rPois   .          Reflect  .   (helmet restricted)
rElec   .          Harm     .   (no cloak)
rCorr   .          Rampage  .   (no gloves)
Will    .....      Rage     1%  (no boots)
Stlth   +.........              (no amulet)
HPRegen 0.16/turn               (no ring)
MPRegen 0.10/turn               (no ring)

@: attractive
A: (nimble swimmer 2), mertail, horns 1, berserk 1, low MP 1
a: no special abilities


You were on level 6 of the Dungeon.
You visited 1 branch of the dungeon, and saw 6 of its levels.

You collected 310 gold pieces.

Inventory:

Hand Weapons
 a - a +0 trident (weapon)
Missiles
 d - 3 throwing nets (quivered)
Armour
 b - a +0 leather armour (worn)
 c - a +0 helmet
Wands
 o - a wand of acid (8)
 s - a wand of iceblast (10)
Scrolls
 e - 9 scrolls of identify {unknown}
 f - a scroll of enchant armour {unknown}
 g - a scroll of summoning {unknown}
 h - 2 scrolls of enchant weapon {unknown}
 i - a scroll of teleportation {unknown}
 m - a scroll of fear {unknown}
 q - a scroll of amnesia {unknown}
 r - a scroll of blinking {unknown}
Potions
 j - 3 potions of attraction
 k - a potion of mutation
 l - 2 potions of might
 n - a potion of brilliance {unknown}
 p - a potion of berserk rage {unknown}


   Skills:
 - Level 2.1 Fighting
 + Level 12.1 Polearms
 - Level 2.0 Throwing
 - Level 4.0 Dodging


You had 6 spell levels left.
You didn't know any spells.
Your spell library contained the following spells:

 Spells                   Type           Power      Damage    Failure   Level
 Foxfire                  Conj/Fire      0%         2x1d4     50%         1
 Conjure Flame            Conj/Fire      0%         6-21      86%         3
 Inner Flame              Hex/Fire       0%         N/A       86%         3
 Flame Wave               Conj/Fire      0%         2d4       99%         4


Dungeon Overview and Level Annotations

Branches:
Dungeon (6/15)
 Temple: D:4-7

Altars:
Makhleb
Nemelex Xobeh
Sif Muna


Innate Abilities, Weirdness & Mutations

((You are very nimble when in or above water. (Stealth+, EV+, Speed+++)))
Your lower body shifts to a powerful aquatic tail in water.
You have a pair of small horns on your head.
You tend to lose your temper in combat.
Your magical capacity is low. (-10% MP)


Message History

You hit the wyvern zombie.
The wyvern zombie is moderately damaged.
The wyvern zombie bites you.
You hit the wyvern zombie.
The wyvern zombie is moderately damaged.
The wyvern zombie bites you!
You are too injured to fight recklessly!
You are too injured to fight recklessly!
You are too injured to fight recklessly!
You are too injured to fight recklessly!
You are too injured to fight recklessly!
You are too injured to fight recklessly!
You are too injured to fight recklessly!
You are too injured to fight recklessly!
You are too injured to fight recklessly!
You are too injured to fight recklessly!
You are too injured to fight recklessly!
You are too injured to fight recklessly!
You are too injured to fight recklessly!
You are too injured to fight recklessly!
You hit the wyvern zombie.
The wyvern zombie is heavily damaged.
You hit the wyvern zombie.
The wyvern zombie is heavily damaged.
The wyvern zombie bites you.
* * * LOW HITPOINT WARNING * * *
You hit the wyvern zombie.
The wyvern zombie is heavily damaged.
The wyvern zombie bites you.
* * * LOW HITPOINT WARNING * * *
It was a potion of mutation.
You feel extremely strange.
You feel a little pissed off.
You feel less energetic. A pair of horns grows on your head!
Your +0 helmet falls away!
The wyvern zombie bites you but does no damage.
The wyvern zombie misses you.
It was a potion of attraction.
You feel attractive to monsters. The wyvern zombie bites you!
You die...

##. ... ...#.#
.>#.# #.#.##
#####.#..
........##
.......<.##
....##....####.
? ##@.......
#Z#.#..## #.#.#
.# #.#.. .. #..
.. . #.. ###
..# .##


You could see a wyvern zombie.

Vanquished Creatures
  A water moccasin (D:4)
  2 phantoms
  A scorpion (D:5)
  2 iguanas
  Natasha (thrice) (D:3)
  3 orc wizards
  5 adders
  An adder skeleton (D:4)
  A worm (D:3)
  3 dart slugs
  7 orcs
  4 bats
  9 endoplasms
  4 giant cockroaches
  3 goblins
  8 hobgoblins
  3 jackals (D:2)
  9 kobolds
  3 quokkas
  4 ball pythons
  A frilled lizard (D:1)
  A quokka skeleton (D:4)
  6 rats
84 creatures vanquished.

Vanquished Creatures (others)
  2 fungi (D:5)
  A plant (D:1)
3 creatures vanquished.

Grand Total: 87 creatures vanquished

Notes
Turn   | Place    | Note
-------+----------+-------------------------------------------
     0 | D:1      | DocClef the Merfolk Gladiator began the quest for the Orb.
     0 | D:1      | Reached XP level 1. HP: 16/16 MP: 1/1
   119 | D:1      | Reached skill level 5 in Polearms
   166 | D:1      | Reached XP level 2. HP: 22/22 MP: 2/2
   320 | D:1      | Found a faded altar of an unknown god.
   721 | D:2      | Reached skill level 6 in Polearms
   721 | D:2      | Reached XP level 3. HP: 27/27 MP: 3/3
  1493 | D:3      | Reached skill level 7 in Polearms
  1493 | D:3      | Reached XP level 4. HP: 9/33 MP: 4/4
  1935 | D:3      | Noticed Natasha
  1942 | D:3      | Killed Natasha
  2201 | D:3      | Found a burning altar of Makhleb.
  2201 | D:3      | Noticed Natasha
  2207 | D:3      | Killed Natasha
  2208 | D:3      | Reached skill level 8 in Polearms
  2208 | D:3      | Reached XP level 5. HP: 24/38 MP: 5/5
  2757 | D:3      | Noticed Natasha
  2765 | D:3      | Killed Natasha
  2766 | D:3      | Reached skill level 9 in Polearms
  3131 | D:4      | Noticed a phantom
  3147 | D:4      | Killed a phantom
  3148 | D:4      | Reached XP level 6. HP: 19/44 MP: 6/6
  3655 | D:4      | Found a shimmering blue altar of Sif Muna.
  3682 | D:4      | Reached skill level 10 in Polearms
  4401 | D:4      | Noticed a water moccasin
  4412 | D:4      | Killed a water moccasin
  4413 | D:4      | Reached skill level 11 in Polearms
  4413 | D:4      | Reached XP level 7. HP: 9/50 MP: 7/7
  4635 | D:4      | Found a sparkling altar of Nemelex Xobeh.
  4895 | D:5      | Entered Level 5 of the Dungeon
  5061 | D:5      | Reached skill level 12 in Polearms
  5120 | D:6      | Gained mutation: You tend to lose your temper in combat.
                  | [potion of mutation]
  5120 | D:6      | Gained mutation: Your magical capacity is low. (-10% MP)
                  | [potion of mutation]
  5120 | D:6      | Gained mutation: You have a pair of small horns on your
                  | head. [potion of mutation]
  5121 | D:6      | Mangled by a wyvern zombie

Illustrated notes

Levels and vault maps discovered:
D:1:      psy_arrival_spokes, layout_rooms, shapermc_ecumenical_altar_gd
D:2:      layout_loops_ring, kennysheep_generic_room_16
D:3:      layout_basic, mainiacjoe_overflow_cross_hatched,
          minmay_close_crescents, uniq_natasha
D:4:      minmay_clustersquares, layout_loops_ring, kennysheep_orc_sif_temple,
          mainiacjoe_overflow_boulevard, hangedman_decor_riveting,
          kennysheep_cross_room
D:5:      layout_basic, mainiacjoe_overflow_paths, serial_aquarium,
          aquarium_bridge_long_separate [aquarium_subvault_bridge,
          aquarium_subvault_bridge, aquarium_subvault_bridge,
          aquarium_subvault_bridge, aquarium_subvault_balcony,
          aquarium_subvault_window], aquarium_window_2, aquarium_window_double,
          aquarium_window_fake, aquarium_view_2c, aquarium_balcony_3b,
          uniq_grinder
D:6:      layout_rooms, nicolae_wu_jian_wuxing_cycle

Skill      XL: |  1  2  3  4  5  6  7 |
---------------+----------------------+-----
Polearms       | 5 6 7 8 9 11 12 | 12.1
Fighting       | |  2.1
Throwing       | |  2.0
Dodging        | |  4.0

Action                   |  1- 3 |  4- 6 |  7- 9 || total
-------------------------+-------+-------+-------++-------
Melee: Trident           |   129 |   171 |    29 ||   329
       Punch             |     1 |     5 |       ||     6
  Use: Potion            |       |       |     3 ||     3
 Stab: Sleeping          |     1 |     3 |       ||     4
Armor: Leather armour    |    15 |    21 |     3 ||    39
Dodge: Dodged            |    67 |    82 |     8 ||   157
